 Dungeon Crawl Stone Soup version 0.21.0 (webtiles) character file.

1385 Hekarica the Sneak (level 8, -7/54 HPs)
             Began as an Octopode Venom Mage on May 20, 2018.
             Was an Initiate of Gozag.
             Mangled by an ice beast (19 damage)
             ... on level 5 of the Dungeon.
             The game lasted 00:41:56 (4219 turns).

Hekarica the Sneak (Octopode Venom Mage)            Turns: 4219, Time: 00:42:00

Health: -7/54      AC:  1    Str: 10    XL:     8   Next: 67%
Magic:  13/13      EV: 14    Int: 19    God:    Gozag
Gold:   310        SH:  5    Dex: 12    Spells: 9/13 levels left

rFire    + . .     SeeInvis .     - Unarmed
rCold    x . .     Gourm    .   t - +2 buckler
rNeg     . . .     Faith    .   (helmet restricted)
rPois    .         Spirit   .   (no amulet)
rElec    .         Reflect  .   j - +3 ring of slaying
rCorr    .         Harm     .   l - ring of fire
MR       .....                  (no ring)
Stlth    ++++......             (no ring)
HPRegen  0.18/turn              (no ring)
MPRegen  0.13/turn              (no ring)
                                (no ring)
                                (no ring)

@: no status effects
A: almost no armour, stealthy swim, amphibious, 8 rings, constrict 8, camouflage
1, clever 1, screaming 1, gelatinous body 1
a: Potion Petition, Call Merchant, Bribe Branch, Renounce Religion


You were on level 5 of the Dungeon.
You worshipped Gozag.
Gozag was aware of your devotion.
You were not hungry.

You visited 2 branches of the dungeon, and saw 6 of its levels.

You collected 374 gold pieces.
You paid 64 gold pieces to Gozag.

Inventory:

Hand Weapons
 i - a +2 dagger of flaming
 p - a +4 short sword of speed
Missiles
 h - 3 steel tomahawks (quivered)
Armour
 g - a +1 cloak
 t - a +2 buckler (worn)
Jewellery
 j - a +3 ring of slaying (left tentacle)
 l - a ring of fire (right tentacle)
Wands
 o - a wand of paralysis (4)
 r - a wand of flame (30)
Scrolls
 d - 2 scrolls of remove curse
 f - a scroll of identify
 k - a scroll of magic mapping
 m - a scroll of fear {unknown}
 n - a scroll of blinking
 q - a scroll of random uselessness {unknown}
Potions
 c - a potion of brilliance
 e - a potion of cancellation
 s - a potion of haste
Books
 a - a Young Poisoner's Handbook

   Spells                             Type                      Level
   a - Sting                          Conjuration/Poison           1
   b - Poisonous Vapours              Poison/Air                   2
   c - Mephitic Cloud                 Conjuration/Poison/Air       3
   d - Olgreb's Toxic Radiance        Poison                       4
   e - Venom Bolt                     Conjuration/Poison           5
Comestibles
 b - 6 rations


   Skills:
 - Level 4.2 Fighting
 - Level 4.9 Dodging
 - Level 7.0 Stealth
 + Level 0.0 Shields
 - Level 4.6 Unarmed Combat
 - Level 3.4 Spellcasting
 - Level 2.1 Conjurations
 - Level 1.1 Air Magic
 - Level 4.4 Poison Magic


You had 9 spell levels left.
You knew the following spells:

 Your Spells              Type           Power        Failure   Level  Hunger
a - Sting                 Conj/Pois      ###.         6%          1    None
b - Mephitic Cloud        Conj/Pois/Air  ##......     26%         3    ###....


Dungeon Overview and Level Annotations

Branches:
Dungeon (5/15)             Temple (1/1) D:4

Altars:
Ashenzari
Cheibriados
Dithmenos
Elyvilon
Fedhas
Gozag
Hepliaklqana
Kikubaaqudgha
Okawaru
Qazlal
Ru
Sif Muna
Trog
Uskayaw
Vehumet
Wu Jian
Xom
Yredelemnul
Zin


Innate Abilities, Weirdness & Mutations

You cannot wear most types of armour.
You are very stealthy in the water. (Stealth+)
You are amphibious.
You can wear up to eight rings at the same time.
You can use your tentacles to constrict eight enemies at once.
Your skin changes colour to match your surroundings (Stealth+).
Your rubbery body absorbs attacks. (AC +1, EV +1)
Your mind is acute. (Int +2)
You occasionally shout uncontrollably at your foes.


Message History

Aiming: Throw Flame
Press: ? - help, Shift-Dir - straight line, f/p - ice beast
Aim: an ice beast (heavily wounded)
The puff of flame hits the ice beast.
The ice beast melts!
The ice beast is almost dead.
You barely miss the ice beast.
The ice beast is almost dead.
The ice beast hits you. The ice beast freezes you!
You feel a terrible chill!
You closely miss the ice beast.
The ice beast is almost dead.
The ice beast hits you. The ice beast freezes you!!
You feel a terrible chill!
* * * LOW HITPOINT WARNING * * *
You tentacle-slap the ice beast but do no damage.
Your squeeze misses the ice beast.
The ice beast is almost dead.
The ice beast hits you.
* * * LOW HITPOINT WARNING * * *
The ice beast freezes you!!
You feel a terrible chill!
You die...
Your body crumbles into a pile of gold.

#..#.......# #..#
#.........#
#..### #........#
#.....
#.......####.(...
#...........#....
#......###..#....
##.....##
##.#.... #.....##
#.#.... #@..###
#...... #.Y.##
##[#... #..###
#.#... #.# ##.#..
#.# #.##. #..
#..## #. ##.# .#
#.## #####.#


You could see an ice beast.

Vanquished Creatures
  Sigmund (D:3)
  Duvessa (D:4)
  A phantom (D:5)
  The ghost of Hekarica the Sneak, an amateur NaAs of Gozag (D:3)
  3 ogres
  Dowan (D:4)
  A scorpion (D:5)
  2 crimson imps (D:5)
  5 orc priests
  3 orc wizards (D:5)
  Ijyb (D:5)
  2 iguanas
  4 gnolls (D:4)
  8 adders
  A worm (D:4)
  5 dart slugs
  2 leopard geckos
  14 orcs
  3 ball pythons
  2 giant cockroaches
  7 goblins
  4 hobgoblins
  11 jackals
  2 quokkas
  4 bats
  2 frilled lizards
  7 kobolds
  A leopard gecko skeleton (D:4)
  8 rats
107 creatures vanquished.

Notes
Turn   | Place    | Note
-------+----------+-------------------------------------------
     0 | D:1      | Hekarica the Octopode Venom Mage began the quest for the Orb.
     0 | D:1      | Reached XP level 1. HP: 11/11 MP: 3/3
   132 | D:1      | Reached XP level 2. HP: 14/18 MP: 0/5
   164 | D:1      | Reached skill level 3 in Stealth
   548 | D:1      | Reached XP level 3. HP: 22/22 MP: 3/6
   688 | D:2      | Reached skill level 1 in Fighting
   688 | D:2      | Reached skill level 1 in Unarmed Combat
   806 | D:2      | Gained mutation: You occasionally shout uncontrollably at your foes. [potion of mutation]
   806 | D:2      | Gained mutation: Your mind is acute. (Int +2) [potion of mutation]
   822 | D:2      | Reached XP level 4. HP: 16/28 MP: 3/7
   856 | D:2      | Reached skill level 4 in Stealth
   856 | D:2      | Reached XP level 5. HP: 13/34 MP: 0/9
  1309 | D:3      | Noticed Hekarica's ghost (amateur NaAs)
  1505 | D:3      | Killed Hekarica's ghost
  1505 | D:3      | Reached XP level 6. HP: 27/39 MP: 10/10
  1649 | D:3      | Learned a level 3 spell: Mephitic Cloud
  1720 | D:3      | Noticed Sigmund
  1899 | D:4      | Found a white marble altar of Elyvilon.
  1983 | D:4      | Reached skill level 1 in Air Magic
  1983 | D:4      | Reached XP level 7. HP: 45/45 MP: 2/12
  1993 | D:4      | Noticed Duvessa
  1993 | D:4      | Noticed Dowan
  2149 | D:4      | Reached skill level 5 in Stealth
  2704 | D:4      | Killed Duvessa
  2723 | D:4      | Killed Dowan
  2751 | D:4      | Learned a level 1 spell: Sting
  2844 | D:4      | Found a staircase to the Ecumenical Temple.
  2869 | Temple   | Entered the Ecumenical Temple
  2876 | Temple   | Became a worshipper of Gozag Ym Sagoz the Greedy
  3004 | D:3      | Killed Sigmund
  3004 | D:3      | Reached skill level 6 in Stealth
  3004 | D:3      | Reached XP level 8. HP: 54/54 MP: 1/13
  3246 | D:5      | Entered Level 5 of the Dungeon
  3839 | D:5      | Noticed Ijyb
  3862 | D:5      | Killed Ijyb
  3884 | D:5      | Reached skill level 7 in Stealth
  4219 | D:5      | Mangled by an ice beast

Skill      XL: |  1  2  3  4  5  6  7  8 |
---------------+-------------------------+-----
Stealth        | 3 4 6 7 |  7.0
Fighting       | 1 2 3 4 |  4.2
Unarmed Combat | 1 2 3 4 |  4.6
Dodging        | 3 4 |  4.9
Spellcasting   | 3 |  3.4
Air Magic      | 1 |  1.1
Conjurations   | 2 |  2.1
Poison Magic   | 4 |  4.4

Action                   |  1- 3 |  4- 6 |  7- 9 || total
-------------------------+-------+-------+-------++-------
Melee: Unarmed           |    38 |    59 |    98 ||   195
       Constrict         |     7 |    14 |    16 ||    37
       Tentacles         |     5 |    12 |    15 ||    32
       Punch             |       |     1 |     3 ||     4
 Cast: Sting             |    43 |    62 |    60 ||   165
       Mephitic Cloud    |       |     1 |    15 ||    16
Evoke: Wand              |       |       |     7 ||     7
  Use: Potion            |     4 |     1 |     4 ||     9
       Scroll            |       |     6 |     3 ||     9
 Stab: Sleeping          |       |     1 |       ||     1
       Distracted        |       |       |     1 ||     1
       Paralysed         |       |       |     1 ||     1
  Eat: Ration            |       |     1 |     3 ||     4
Armor: Skin              |    26 |    26 |     4 ||    56
Dodge: Dodged            |    27 |    29 |    35 ||    91
